Map: Dusk Towers

Players

xKawaiian

  • Race: Terran Terran
  • League: Master

Semper - Winner!

  • Race: Terran Terran
  • League: Master

VOD

Have the link to the VOD?

Description

Time

  • Played on: Jan. 12, 2016, 6:38 p.m.
  • Length: 10:26
Show
View Real Time Build Order
Export as new Build Order

xKawaiian Terran 

Build Orders: 1/1/1, Cyclone Opening, MMM Bio 

Get SALT Encoding   

  12  0:01  SCV  
  13  0:13  SCV  
  14  0:18  Supply Depot  
  14  0:25  SCV  
  15  0:39  SCV  
  15  0:40  Barracks  
  16  0:47  Refinery  
  16  0:51  SCV  
  16  0:53  Refinery  
  17  1:04  SCV  
  18  1:16  SCV  
  19  1:26  Marine  
  19  1:29  Orbital Command  
  20  1:34  Factory  
  20  1:43  Supply Depot  
  20  1:44  Marine  
  21  1:55  SCV  
  22  2:02  Marine  
  22  2:07  SCV  
  24  2:18  Starport  
  24  2:19  Factory Tech Lab, SCV  
  24  2:20  Marine  
  26  2:28  Supply Depot  
  26  2:32  SCV  
  27  2:40  Cyclone  
  27  2:43  Marine  
  31  2:49  SCV  
  31  2:50  Supply Depot  
  32  2:56  Medivac  
  34  3:01  Marine  
  34  3:02  SCV  
  36  3:12  Siege Tank  
  36  3:14  SCV  
  36  3:17  Liberator  
  36  3:18  Supply Depot  
  36  3:19  Marine  
  41  3:28  SCV  
  42  3:40  SCV  
  46  3:48  Marine  
  47  3:53  Command Center  
  47  3:54  SCV  
  48  4:03  Siege Tank  
  48  4:06  Marine  
  52  4:20  Medivac  
  52  4:24  Marine  
  55  4:30  Barracks  
  55  4:32  SCV  
  55  4:36  Barracks  
  55  4:41  Siege Tank  
  56  4:54  Marine  
  55  5:12  Marine  
  55  5:13  Siege Tank  
  59  5:15  SCV, Orbital Command  
  47  5:35  Barracks Tech Lab  
  47  5:36  Barracks Tech Lab  
  47  5:37  SCV  
  48  5:45  Siege Tank, Starport Reactor  
  48  5:48  SCV, Barracks  
  48  5:49  SCV, Barracks  
  47  5:50  Refinery  
  47  5:57  Marine x2  
  47  6:00  SCV  
  47  6:02  SCV  
  51  6:05  Stimpack  
  51  6:12  SCV, Marine  
  51  6:14  SCV  
  51  6:15  Refinery  
  54  6:23  Barracks Reactor  
  54  6:24  SCV, Marine  
  56  6:27  SCV  
  56  6:30  Marine, Medivac  
  60  6:36  Supply Depot, SCV  
  60  6:37  Marine  
  60  6:39  SCV  
  63  6:41  Marine  
  63  6:42  Marine  
  63  6:46  Combat Shields  
  65  6:48  Marine  
  65  6:53  Supply Depot  
  66  6:55  Marine, Medivac  
  66  6:56  SCV  
  66  6:57  SCV  
  66  6:58  Marine  
  66  7:00  Marine  
  66  7:01  Medivac  
  75  7:05  Marine  
  75  7:06  Marine  
  78  7:08  SCV  
  78  7:09  SCV  
  78  7:10  Marine  
  78  7:13  Marine  
  81  7:20  SCV  
  81  7:26  Viking  
  77  7:31  Viking  
  79  7:43  Marine x2  
  81  7:53  Marine  
  81  7:57  Marine x3  
  85  8:03  SCV x2  
  86  8:12  Marine, Medivac  
  88  8:15  SCV, Marine  
  88  8:18  SCV  
  93  8:22  Barracks Reactor, Concussive Shells  
  92  8:27  SCV  
  92  8:29  Marine  
  94  8:35  Supply Depot, Barracks Reactor  
  94  8:36  Supply Depot  
  94  8:48  Engineering Bay  
  94  8:50  Engineering Bay  
  94  8:56  Marine x3  
  94  8:57  Medivac x2  
  101  9:07  Marine x2  
  103  9:11  Supply Depot  
  103  9:13  Supply Depot  
  103  9:20  Command Center  
  103  9:29  Siege Tank, Marine  
  103  9:30  Marine x2  
  98  9:37  Marine  
  87  9:42  Marine  
  87  9:44  Medivac  
  87  9:49  Marine  
  80  9:57  SCV  
  72  10:00  Marine  
  72  10:04  SCV  
  77  10:09  SCV  
  77  10:11  Supply Depot  
  77  10:12  Supply Depot  
Show
View Real Time Build Order
Export as new Build Order

Semper Terran - Winner!

Build Orders:  

Get SALT Encoding   

  12  0:01  SCV  
  13  0:13  SCV  
  14  0:18  Supply Depot  
  14  0:25  SCV  
  15  0:39  SCV  
  15  0:40  Barracks  
  16  0:52  SCV  
  17  1:04  SCV  
  18  1:05  Refinery  
  18  1:16  SCV  
  19  1:30  Marine, Orbital Command  
  20  1:40  Command Center  
  20  1:49  Marine  
  20  1:53  Supply Depot  
  21  1:57  SCV  
  21  2:09  SCV  
  21  2:10  Factory  
  21  2:15  Marine  
  23  2:21  SCV  
  24  2:23  Refinery  
  24  2:34  SCV, Barracks Reactor  
  25  2:46  SCV  
  26  2:52  Orbital Command  
  26  2:55  Starport  
  26  2:59  SCV  
  26  3:01  Factory Tech Lab  
  26  3:05  Supply Depot  
  27  3:11  SCV  
  28  3:13  Marine x2  
  28  3:18  SCV  
  31  3:23  SCV  
  32  3:27  Cyclone  
  32  3:30  SCV  
  32  3:31  Marine  
  32  3:33  Marine  
  38  3:35  SCV  
  38  3:38  Supply Depot  
  39  3:42  SCV  
  39  3:47  Viking  
  41  3:50  SCV  
  41  3:53  Marine x2  
  44  4:02  SCV  
  45  4:05  Siege Tank  
  48  4:11  Marine  
  48  4:12  Marine  
  49  4:32  Command Center  
  49  4:38  Marine x2  
  46  4:46  Viking  
  45  4:53  SCV  
  45  4:55  Siege Tank  
  45  4:59  Supply Depot  
  50  5:12  Supply Depot  
  50  5:21  SCV, Medivac  
  52  5:31  SCV  
  52  5:32  Barracks Reactor  
  52  5:33  SCV  
  40  5:43  SCV  
  40  5:45  SCV  
  40  5:47  Liberator, Orbital Command  
  40  5:55  SCV  
  41  5:57  SCV  
  41  5:58  Siege Tank  
  45  6:04  Engineering Bay  
  45  6:07  SCV  
  45  6:09  SCV  
  45  6:10  Marine  
  45  6:11  Marine  
  52  6:14  SCV  
  53  6:19  SCV  
  53  6:21  SCV  
  55  6:28  SCV  
  55  6:30  Barracks, Marine x2  
  55  6:32  Barracks  
  58  6:36  SCV x2  
  60  6:41  Supply Depot  
  60  6:42  Siege Tank  
  60  6:43  SCV  
  64  6:47  Supply Depot  
  64  6:49  Refinery  
  64  6:54  Refinery, Marine x2  
  64  6:55  Starport Reactor  
  64  6:58  SCV x3  
  64  7:01  Terran Infantry Weapons Level 1  
  69  7:07  Barracks  
  69  7:10  SCV  
  69  7:11  SCV  
  69  7:13  Marine  
  69  7:14  Barracks  
  72  7:19  SCV  
  72  7:21  Marine  
  74  7:29  SCV  
  71  7:34  SCV x2  
  73  7:38  Supply Depot, Barracks Tech Lab x2, Marine  
  73  7:39  Supply Depot  
  74  7:46  Medivac x2  
  78  7:53  SCV  
  78  7:55  Marine x2  
  78  7:57  Combat Shields  
  78  7:58  Stimpack  
  81  7:59  Marine  
  81  8:03  Supply Depot x2  
  82  8:08  Barracks Reactor x2, Marine  
  83  8:13  Marine  
  83  8:15  Marine  
  83  8:17  Marine  
  83  8:23  Sensor Tower  
  83  8:24  Missile Turret  
  83  8:25  Missile Turret  
  83  8:26  Marine  
  84  8:28  Orbital Command  
  84  8:30  Siege Tank  
  84  8:34  Marine x3  
  89  8:42  Viking  
  89  8:43  Viking  
  89  8:44  Marine x3  
  95  8:53  SCV x2  
  97  8:56  SCV  
  97  8:58  Marine x5  
  103  9:05  SCV x2  
  103  9:08  Supply Depot  
  105  9:14  Marine  
  105  9:15  Marine x2  
  105  9:16  Marine  
  109  9:20  Marine  
  109  9:23  Medivac x2  
  112  9:31  Marine  
  112  9:37  Siege Tank, Marine  
  110  9:39  Marine  
  110  9:42  Marine  
  110  9:43  Marine  
  110  9:44  Marine  
  107  9:48  Refinery x2  
  107  9:49  SCV x2  
  107  9:52  Orbital Command  
  105  9:57  Marine x3  
  105  9:59  Marine  
  106  10:01  SCV x2  
  108  10:11  Armory, Engineering Bay  
  108  10:13  SCV x2  
Tags
 
Add a new tag
Caveats
  • Supply blocks, unpowered buildings, or Contaminate may cause inaccurate times.
  • Supply counts are checked every 10 seconds.